[ PARTIDA AOE2 · #505125846 ]
UnrankedMongoles vs Dravidians
Equipo del jugador · DERR
[ ANÁLISIS DE REPETICIÓN · EXTRAÍDO DE LA PARTIDA GRABADA ]
Feudal
11:21
Castillos
15:26
Imperial
30:25
| APM promedio | 24.8 |
| APM pico | 99 |
| eAPM promedio | 11.1 |
| Aldeanos / militares | 140 / 70 |
Foco
⚔️ 17.3% · 🌾 82.7%
Mangonel ×68 · Monk ×2
Feudal
10:10
Castillos
22:14
Imperial
35:25
| APM promedio | 33.6 |
| APM pico | 83 |
| eAPM promedio | 19.6 |
| Aldeanos / militares | 162 / 93 |
Foco
⚔️ 24.5% · 🌾 75.5%
Elephant Archer ×56 · Spearman ×20 · Militia ×14 · Archer ×2 · Monk ×1
Feudal
12:51
Castillos
16:08
Imperial
31:58
| APM promedio | 28.1 |
| APM pico | 47 |
| eAPM promedio | 21.6 |
| Aldeanos / militares | 135 / 86 |
Foco
⚔️ 24.1% · 🌾 75.9%
War Elephant ×82 · Mangonel ×3 · Monk ×1
Feudal
11:24
Castillos
16:41
Imperial
31:57
| APM promedio | 31.5 |
| APM pico | 93 |
| eAPM promedio | 24.0 |
| Aldeanos / militares | 118 / 134 |
Foco
⚔️ 19.6% · 🌾 80.4%
Huskarl ×131 · Trade Cart ×24 · Mangonel ×3
Feudal
12:32
Castillos
16:41
Imperial
31:58
| APM promedio | 25.5 |
| APM pico | 58 |
| eAPM promedio | 18.6 |
| Aldeanos / militares | 174 / 197 |
Foco
⚔️ 35.0% · 🌾 65.0%
Spearman ×117 · Militia ×45 · Mangonel ×12 · Battering Ram ×11 · Trebuchet (Packed) ×5 · Konnik ×4
Feudal
15:54
Castillos
27:11
Imperial
41:41
| APM promedio | 26.8 |
| APM pico | 49 |
| eAPM promedio | 19.0 |
| Aldeanos / militares | 207 / 55 |
Foco
⚔️ 22.2% · 🌾 77.8%
Militia ×14 · Mangonel ×12 · Skirmisher ×12 · Scorpion ×11 · Archer ×5 · Spearman ×1
Feudal
12:02
Castillos
16:54
Imperial
32:01
| APM promedio | 31.1 |
| APM pico | 86 |
| eAPM promedio | 16.7 |
| Aldeanos / militares | 179 / 55 |
Foco
⚔️ 17.2% · 🌾 82.8%
Scorpion ×35 · Trade Cart ×30 · Mangonel ×19 · Monk ×1
Feudal
12:58
Castillos
17:34
Imperial
35:51
| APM promedio | 15.6 |
| APM pico | 38 |
| eAPM promedio | 12.8 |
| Aldeanos / militares | 135 / 110 |
Foco
⚔️ 22.0% · 🌾 78.0%
Scorpion ×83 · Scout Cavalry ×25 · Mangonel ×2
Mapa de la partida
Recursos iniciales + cada clic de construcción. Líneas = muros · curvas = relieve. ◆ oro · ⬟ piedra · ● bayas · ✦ reliquia · ◌ hueco del cierre
Tu base· ✓ Cerrada en 15:26 · 0t muro · sin puerta
Base de meh· Abierta — el rival se encerró
Base de PSX | King· ✓ Cerrada en 16:08 · 76t muro · 3 puerta(s)
Base de joaopessoense· ✓ Cerrada en 16:41 · 9t muro · 1 puerta(s)
Base de Les Boyageur· ✓ Cerrada en 16:41 · 23t muro · 1 puerta(s)
Base de CTM | SamDestroyer· ✓ Cerrada en 27:11 · 28t muro · 1 puerta(s)
Base de El Monje Cleptómano de Cieza· ✓ Cerrada en 16:54 · 0t muro · sin puerta
Base de CTM | Franco*· ✓ Cerrada en 17:34 · 71t muro · 3 puerta(s)
Terreno inicial suavizado · ◌ = hueco del cierre detectado · pasá el cursor para detalles
Inputs por minuto
— Cristian Monzon - - meh
Build order — Cristian Monzon
Primeras 150 de 274 acciones detectadas
| 0:01 | Encolar | Villager (Male) |
| 0:01 | Encolar | Villager (Male) |
| 0:02 | Encolar | Villager (Male) |
| 0:03 | Construir | House |
| 0:05 | Construir | House |
| 0:20 | Encolar | Villager (Male) |
| 1:28 | Encolar | Villager (Male) |
| 1:48 | Construir | Lumber Camp |
| 2:03 | Encolar | Villager (Male) |
| 2:17 | Encolar | Villager (Male) |
| 3:01 | Encolar | Villager (Male) |
| 3:08 | Construir | House |
| 3:09 | Construir | House |
| 3:46 | Encolar | Villager (Male) |
| 3:46 | Encolar | Villager (Male) |
| 3:58 | Encolar | Villager (Male) |
| 4:35 | Encolar | Villager (Male) |
| 4:35 | Encolar | Villager (Male) |
| 5:08 | Encolar | Villager (Male) |
| 5:50 | Encolar | Villager (Male) |
| 5:51 | Encolar | Villager (Male) |
| 5:51 | Encolar | Villager (Male) |
| 6:09 | Construir | Mill |
| 6:16 | Encolar | Villager (Male) |
| 6:17 | Encolar | Villager (Male) |
| 6:50 | Encolar | Villager (Male) |
| 7:17 | Construir | Mill |
| 7:41 | Construir | Mining Camp |
| 7:47 | Encolar | Villager (Male) |
| 7:47 | Encolar | Villager (Male) |
| 7:47 | Encolar | Villager (Male) |
| 8:59 | Investigar | Feudal Age |
| 9:00 | Encolar | Villager (Male) |
| 9:01 | Encolar | Villager (Male) |
| 9:04 | Construir | House |
| 9:16 | Construir | Mill |
| 11:21 | Edad | Edad Feudal |
| 11:36 | Construir | Market |
| 11:44 | Construir | Blacksmith |
| 11:58 | Encolar | Villager (Male) |
| 12:23 | Construir | House |
| 12:25 | Construir | House |
| 12:46 | Investigar | Castle Age |
| 13:00 | Investigar | Double-Bit Axe |
| 13:01 | Investigar | Horse Collar |
| 13:01 | Investigar | Horse Collar |
| 14:06 | Construir | Farm |
| 14:07 | Construir | Farm |
| 14:07 | Construir | Farm |
| 14:08 | Encolar | Villager (Male) |
| 14:08 | Encolar | Villager (Male) |
| 14:14 | Investigar | Loom |
| 14:15 | Encolar | Villager (Male) |
| 14:15 | Encolar | Villager (Male) |
| 14:38 | Construir | Mining Camp |
| 15:26 | Edad | Edad de los Castillos |
| 15:38 | Construir | Town Center |
| 15:43 | Construir | Town Center |
| 15:49 | Encolar | Villager (Male) |
| 15:50 | Investigar | Bow Saw |
| 15:55 | Investigar | Gold Mining |
| 15:57 | Encolar | Villager (Male) |
| 16:20 | Encolar | Villager (Male) |
| 16:47 | Construir | Farm |
| 16:58 | Encolar | Villager (Male) |
| 17:25 | Construir | Monastery |
| 17:28 | Encolar | Villager (Male) |
| 17:28 | Encolar | Villager (Male) |
| 17:32 | Encolar | Villager (Male) |
| 17:59 | Construir | Farm |
| 18:02 | Encolar | Villager (Male) |
| 18:03 | Encolar | Villager (Male) |
| 18:03 | Encolar | Villager (Male) |
| 18:05 | Encolar | Villager (Male) |
| 18:13 | Construir | Farm |
| 18:15 | Encolar | Monk |
| 18:21 | Encolar | Monk |
| 18:27 | Construir | Farm |
| 18:29 | Construir | Farm |
| 18:33 | Encolar | Villager (Male) |
| 18:36 | Investigar | Loom |
| 18:43 | Construir | Farm |
| 18:50 | Construir | Farm |
| 18:51 | Construir | Farm |
| 18:52 | Construir | Farm |
| 18:56 | Encolar | Villager (Male) |
| 19:06 | Encolar | Villager (Male) |
| 19:40 | Encolar | Villager (Male) ×2 |
| 19:43 | Construir | Farm |
| 19:44 | Construir | Farm |
| 19:45 | Construir | Farm |
| 19:47 | Construir | Farm |
| 19:49 | Encolar | Villager (Male) |
| 19:57 | Encolar | Villager (Male) |
| 20:08 | Encolar | Villager (Male) |
| 20:08 | Encolar | Villager (Male) |
| 20:13 | Construir | Farm |
| 20:14 | Encolar | Villager (Male) |
| 20:22 | Construir | House |
| 20:23 | Construir | House |
| 20:25 | Construir | House |
| 20:27 | Construir | House |
| 20:43 | Construir | Farm |
| 20:57 | Construir | Castle |
| 21:03 | Encolar | Villager (Male) ×4 |
| 21:12 | Encolar | Villager (Male) |
| 21:21 | Construir | Mining Camp |
| 21:42 | Construir | Farm |
| 21:47 | Encolar | Villager (Male) |
| 21:48 | Encolar | Villager (Male) |
| 21:48 | Encolar | Villager (Male) |
| 21:48 | Encolar | Villager (Male) |
| 21:59 | Construir | Farm |
| 22:00 | Construir | Farm |
| 22:05 | Construir | Farm |
| 22:06 | Construir | Farm |
| 22:08 | Encolar | Villager (Male) ×2 |
| 22:13 | Construir | Farm |
| 22:26 | Construir | Farm |
| 22:27 | Encolar | Villager (Male) |
| 22:27 | Encolar | Villager (Male) |
| 22:32 | Encolar | Villager (Male) |
| 22:45 | Construir | Farm |
| 23:11 | Investigar | Wheelbarrow |
| 23:12 | Investigar | Town Watch |
| 23:26 | Construir | Town Center |
| 23:28 | Encolar | Villager (Male) |
| 23:28 | Encolar | Villager (Male) |
| 23:28 | Encolar | Villager (Male) |
| 23:29 | Encolar | Villager (Male) |
| 23:36 | Encolar | Villager (Male) ×2 |
| 23:45 | Construir | Siege Workshop |
| 23:57 | Construir | Farm |
| 23:58 | Construir | Farm |
| 23:59 | Construir | Farm |
| 24:03 | Encolar | Villager (Male) |
| 24:03 | Encolar | Villager (Male) |
| 24:03 | Encolar | Villager (Male) |
| 24:04 | Encolar | Villager (Male) |
| 24:32 | Encolar | Villager (Male) |
| 24:33 | Encolar | Villager (Male) |
| 24:41 | Construir | Mining Camp |
| 24:55 | Construir | Farm |
| 24:58 | Encolar | Villager (Male) |
| 24:58 | Encolar | Villager (Male) |
| 25:16 | Encolar | Villager (Male) |
| 25:16 | Encolar | Villager (Male) |
| 25:18 | Encolar | Villager (Male) |
| 25:18 | Encolar | Villager (Male) |
| 25:19 | Encolar | Villager (Male) |
Build order — meh
Primeras 150 de 383 acciones detectadas
| 0:00 | Encolar | Villager (Male) |
| 0:01 | Encolar | Villager (Male) |
| 0:02 | Construir | House |
| 0:03 | Construir | House |
| 0:38 | Encolar | Villager (Male) |
| 0:38 | Encolar | Villager (Male) |
| 1:32 | Encolar | Villager (Male) |
| 1:32 | Encolar | Villager (Male) |
| 1:58 | Encolar | Villager (Male) |
| 1:58 | Encolar | Villager (Male) |
| 2:14 | Encolar | Villager (Male) |
| 2:14 | Encolar | Villager (Male) |
| 2:52 | Encolar | Villager (Male) |
| 2:53 | Encolar | Villager (Male) |
| 2:53 | Encolar | Villager (Male) |
| 3:25 | Encolar | Villager (Male) |
| 3:31 | Encolar | Villager (Male) |
| 3:31 | Encolar | Villager (Male) |
| 3:36 | Construir | Lumber Camp |
| 4:03 | Encolar | Villager (Male) |
| 4:03 | Encolar | Villager (Male) |
| 4:10 | Construir | House |
| 4:16 | Encolar | Villager (Male) |
| 4:16 | Encolar | Villager (Male) |
| 4:39 | Encolar | Villager (Male) |
| 5:04 | Encolar | Villager (Male) |
| 5:33 | Construir | House |
| 5:35 | Construir | House |
| 6:08 | Construir | Mill |
| 6:44 | Encolar | Villager (Male) |
| 7:09 | Encolar | Villager (Male) |
| 7:31 | Encolar | Villager (Male) |
| 7:59 | Investigar | Feudal Age |
| 8:00 | Investigar | Feudal Age |
| 8:05 | Construir | Mining Camp |
| 8:35 | Construir | Palisade Wall |
| 9:14 | Construir | Barracks |
| 9:37 | Investigar | Loom |
| 10:10 | Edad | Edad Feudal |
| 10:22 | Encolar | Villager (Male) |
| 10:31 | Construir | Palisade Gate |
| 10:34 | Construir | House |
| 10:37 | Encolar | Militia |
| 10:38 | Encolar | Militia |
| 10:39 | Encolar | Militia |
| 10:51 | Construir | Palisade Wall |
| 10:52 | Construir | Palisade Wall |
| 10:56 | Encolar | Villager (Male) |
| 11:04 | Investigar | Man-at-Arms (upgrade) |
| 11:24 | Encolar | Villager (Male) |
| 11:49 | Encolar | Villager (Male) |
| 11:50 | Encolar | Villager (Male) |
| 11:56 | Encolar | Villager (Male) |
| 12:08 | Encolar | Militia |
| 12:14 | Investigar | Arson |
| 12:14 | Encolar | Villager (Male) |
| 12:15 | Encolar | Villager (Male) |
| 12:39 | Investigar | Double-Bit Axe |
| 12:43 | Construir | Lumber Camp |
| 12:49 | Encolar | Militia |
| 12:56 | Construir | House |
| 12:58 | Construir | House |
| 13:10 | Investigar | Town Watch |
| 13:27 | Encolar | Villager (Male) |
| 13:32 | Construir | House |
| 13:33 | Construir | House |
| 13:38 | Construir | House |
| 13:39 | Construir | House |
| 13:42 | Encolar | Villager (Male) |
| 13:42 | Encolar | Villager (Male) |
| 14:12 | Construir | Farm |
| 14:14 | Construir | Farm |
| 14:14 | Construir | Farm |
| 14:16 | Construir | Farm |
| 14:16 | Construir | Farm |
| 14:17 | Construir | Farm |
| 14:17 | Construir | Farm |
| 14:17 | Construir | Farm |
| 14:17 | Construir | Farm |
| 14:19 | Encolar | Villager (Male) |
| 14:58 | Construir | Farm |
| 15:06 | Construir | Farm |
| 15:08 | Encolar | Villager (Male) |
| 15:08 | Encolar | Villager (Male) |
| 15:10 | Construir | Farm |
| 15:23 | Encolar | Villager (Male) |
| 15:25 | Construir | Farm |
| 15:25 | Construir | Farm |
| 15:33 | Encolar | Villager (Male) |
| 15:33 | Encolar | Villager (Male) |
| 15:44 | Encolar | Villager (Male) |
| 15:44 | Encolar | Villager (Male) |
| 16:19 | Encolar | Villager (Male) |
| 16:19 | Encolar | Villager (Male) |
| 16:38 | Encolar | Villager (Male) |
| 16:48 | Construir | House |
| 16:49 | Construir | House |
| 17:51 | Construir | Mining Camp |
| 18:20 | Construir | Farm |
| 18:31 | Construir | Blacksmith |
| 18:39 | Construir | Market |
| 18:41 | Encolar | Villager (Male) |
| 18:44 | Encolar | Villager (Male) |
| 18:51 | Investigar | Horse Collar |
| 18:58 | Construir | Farm |
| 18:58 | Construir | Farm |
| 18:58 | Construir | Farm |
| 18:58 | Construir | Farm |
| 18:59 | Construir | Farm |
| 18:59 | Construir | Farm |
| 19:09 | Encolar | Villager (Male) |
| 19:29 | Investigar | Castle Age |
| 19:33 | Construir | Farm |
| 19:43 | Construir | Farm |
| 21:05 | Construir | Archery Range |
| 21:06 | Construir | Archery Range |
| 21:30 | Construir | Stone Wall |
| 21:36 | Construir | Stone Wall |
| 21:39 | Construir | Stone Wall |
| 21:41 | Encolar | Villager (Male) |
| 21:50 | Investigar | Wheelbarrow |
| 22:14 | Edad | Edad de los Castillos |
| 22:26 | Encolar | Elephant Archer |
| 22:32 | Encolar | Elephant Archer |
| 22:54 | Investigar | Bow Saw |
| 22:58 | Construir | Town Center |
| 23:22 | Encolar | Villager (Male) |
| 23:42 | Encolar | Villager (Male) |
| 23:48 | Investigar | Fletching |
| 23:52 | Encolar | Villager (Male) |
| 24:18 | Encolar | Villager (Male) |
| 24:18 | Encolar | Villager (Male) |
| 24:29 | Encolar | Militia |
| 24:29 | Encolar | Militia |
| 24:44 | Encolar | Elephant Archer |
| 24:45 | Encolar | Elephant Archer |
| 24:58 | Encolar | Villager (Male) |
| 25:00 | Encolar | Villager (Male) |
| 25:00 | Encolar | Villager (Male) |
| 25:02 | Construir | Farm |
| 25:02 | Construir | Farm |
| 25:02 | Construir | Farm |
| 25:03 | Encolar | Villager (Male) |
| 25:03 | Encolar | Villager (Male) |
| 25:32 | Encolar | Villager (Male) |
| 25:32 | Encolar | Villager (Male) |
| 25:43 | Encolar | Villager (Male) |
| 25:44 | Encolar | Villager (Male) |
| 25:46 | Encolar | Villager (Male) |
| 25:47 | Encolar | Villager (Male) |
Build order — PSX | King
Primeras 150 de 429 acciones detectadas
| 0:02 | Encolar | Villager (Male) |
| 0:02 | Encolar | Villager (Male) |
| 0:03 | Construir | House |
| 0:05 | Construir | House |
| 0:24 | Encolar | Villager (Male) |
| 0:24 | Encolar | Villager (Male) |
| 0:25 | Encolar | Villager (Male) |
| 1:39 | Investigar | Loom |
| 1:40 | Encolar | Villager (Male) |
| 1:52 | Encolar | Villager (Male) |
| 2:09 | Construir | Palisade Wall |
| 2:13 | Construir | Palisade Wall |
| 2:20 | Construir | Lumber Camp |
| 2:32 | Construir | Palisade Gate |
| 2:52 | Construir | Palisade Gate |
| 2:52 | Encolar | Villager (Male) |
| 3:18 | Encolar | Villager (Male) |
| 3:26 | Encolar | Villager (Male) |
| 4:23 | Construir | Palisade Gate |
| 4:25 | Encolar | Villager (Male) |
| 4:25 | Encolar | Villager (Male) |
| 4:30 | Encolar | Villager (Male) |
| 4:49 | Construir | House |
| 5:10 | Encolar | Villager (Male) |
| 5:15 | Construir | House |
| 5:20 | Construir | House |
| 5:38 | Encolar | Villager (Male) |
| 5:38 | Encolar | Villager (Male) |
| 5:38 | Encolar | Villager (Male) |
| 5:42 | Construir | House |
| 5:46 | Construir | Palisade Wall |
| 6:18 | Encolar | Villager (Male) |
| 6:19 | Encolar | Villager (Male) |
| 6:19 | Encolar | Villager (Male) |
| 6:31 | Construir | Mill |
| 6:42 | Encolar | Villager (Male) |
| 7:19 | Encolar | Villager (Male) |
| 7:26 | Construir | Palisade Wall |
| 7:29 | Construir | Palisade Wall |
| 7:30 | Construir | Palisade Wall |
| 7:53 | Encolar | Villager (Male) |
| 8:13 | Encolar | Villager (Male) |
| 8:42 | Construir | House |
| 8:43 | Encolar | Villager (Male) |
| 9:59 | Encolar | Villager (Male) |
| 10:00 | Encolar | Villager (Male) |
| 10:00 | Encolar | Villager (Male) |
| 10:09 | Construir | Palisade Wall |
| 10:22 | Construir | Mining Camp |
| 10:34 | Investigar | Feudal Age |
| 11:04 | Construir | Mining Camp |
| 11:29 | Construir | Mill |
| 11:33 | Construir | Mill |
| 11:39 | Encolar | Villager (Male) |
| 12:51 | Edad | Edad Feudal |
| 12:52 | Construir | Blacksmith |
| 12:54 | Construir | Market |
| 12:58 | Construir | Stone Wall |
| 13:04 | Construir | Stone Wall |
| 13:05 | Encolar | Villager (Male) |
| 13:13 | Construir | Farm |
| 13:17 | Construir | Farm |
| 13:43 | Investigar | Castle Age |
| 13:52 | Construir | Farm |
| 14:04 | Investigar | Double-Bit Axe |
| 14:15 | Construir | Stone Wall |
| 14:19 | Encolar | Villager (Male) |
| 15:41 | Construir | Stone Wall |
| 16:08 | Edad | Edad de los Castillos |
| 16:14 | Construir | Town Center |
| 16:33 | Encolar | Villager (Male) |
| 16:39 | Construir | Farm |
| 16:43 | Construir | Farm |
| 16:43 | Construir | Farm |
| 16:46 | Encolar | Villager (Male) |
| 17:07 | Construir | Stone Wall |
| 17:10 | Encolar | Villager (Male) |
| 17:14 | Construir | Farm |
| 17:15 | Construir | Farm |
| 17:26 | Encolar | Villager (Male) |
| 17:27 | Encolar | Villager (Male) |
| 17:31 | Construir | Farm |
| 17:35 | Investigar | Wheelbarrow |
| 17:38 | Encolar | Villager (Male) |
| 18:08 | Construir | Town Center |
| 18:33 | Investigar | Horse Collar |
| 18:35 | Encolar | Villager (Male) |
| 18:35 | Encolar | Villager (Male) |
| 18:43 | Construir | Stone Wall |
| 18:47 | Encolar | Villager (Male) |
| 18:47 | Encolar | Villager (Male) |
| 18:47 | Encolar | Villager (Male) |
| 18:54 | Encolar | Villager (Male) |
| 18:55 | Encolar | Villager (Male) |
| 18:59 | Encolar | Villager (Male) |
| 19:08 | Construir | Farm |
| 19:09 | Construir | Farm |
| 19:13 | Construir | Farm |
| 19:14 | Encolar | Villager (Male) |
| 19:28 | Encolar | Villager (Male) |
| 19:28 | Encolar | Villager (Male) |
| 19:34 | Construir | Stone Wall |
| 19:41 | Encolar | Villager (Male) |
| 19:41 | Encolar | Villager (Male) |
| 19:44 | Construir | Farm |
| 19:46 | Construir | Farm |
| 19:48 | Construir | Farm |
| 19:51 | Construir | Farm |
| 19:52 | Encolar | Villager (Male) |
| 19:57 | Encolar | Villager (Male) |
| 19:59 | Construir | Farm |
| 20:04 | Encolar | Villager (Male) |
| 20:07 | Construir | Farm |
| 20:14 | Encolar | Villager (Male) |
| 20:18 | Construir | Farm |
| 20:23 | Encolar | Villager (Male) |
| 20:30 | Construir | Farm |
| 20:33 | Construir | Farm |
| 20:36 | Construir | House |
| 20:36 | Construir | House |
| 20:41 | Investigar | Town Watch |
| 20:46 | Construir | House |
| 20:48 | Construir | House |
| 20:53 | Encolar | Villager (Male) |
| 20:54 | Encolar | Villager (Male) |
| 21:05 | Construir | Monastery |
| 21:09 | Encolar | Villager (Male) |
| 21:10 | Encolar | Villager (Male) |
| 21:15 | Construir | House |
| 21:15 | Construir | House |
| 21:16 | Construir | House |
| 21:16 | Construir | House |
| 21:19 | Encolar | Villager (Male) |
| 21:20 | Encolar | Villager (Male) |
| 21:24 | Construir | House |
| 21:35 | Construir | Stone Wall |
| 21:38 | Construir | House |
| 21:38 | Construir | House |
| 21:39 | Construir | House |
| 21:39 | Construir | House |
| 21:40 | Construir | House |
| 21:40 | Construir | House |
| 21:47 | Encolar | Villager (Male) |
| 21:47 | Encolar | Villager (Male) |
| 21:52 | Construir | Stone Wall |
| 21:53 | Construir | Stone Wall |
| 21:54 | Construir | Stone Wall |
| 21:58 | Construir | Farm |
| 21:59 | Construir | Farm |
| 22:04 | Construir | Farm |
Build order — joaopessoense
Primeras 150 de 432 acciones detectadas
| 0:02 | Encolar | Villager (Male) |
| 0:02 | Encolar | Villager (Male) |
| 0:02 | Encolar | Villager (Male) |
| 0:03 | Encolar | Villager (Male) |
| 0:03 | Encolar | Villager (Male) |
| 0:04 | Construir | House |
| 0:27 | Investigar | Loom |
| 1:21 | Encolar | Villager (Male) |
| 1:25 | Construir | House |
| 2:07 | Encolar | Villager (Male) |
| 2:25 | Construir | House |
| 2:28 | Encolar | Villager (Male) |
| 2:53 | Construir | House |
| 2:54 | Construir | House |
| 2:56 | Encolar | Villager (Male) |
| 3:14 | Encolar | Villager (Male) |
| 3:46 | Encolar | Villager (Male) |
| 4:00 | Encolar | Villager (Male) |
| 4:13 | Encolar | Villager (Male) |
| 4:23 | Construir | Palisade Wall |
| 4:28 | Construir | Palisade Gate |
| 4:32 | Encolar | Villager (Male) |
| 4:59 | Encolar | Villager (Male) |
| 5:29 | Encolar | Villager (Male) |
| 6:07 | Encolar | Villager (Male) |
| 6:17 | Construir | Lumber Camp |
| 6:38 | Encolar | Villager (Male) |
| 6:39 | Encolar | Villager (Male) |
| 7:02 | Encolar | Villager (Male) |
| 7:42 | Encolar | Villager (Male) |
| 7:50 | Construir | Mill |
| 8:11 | Encolar | Villager (Male) |
| 8:42 | Encolar | Villager (Male) |
| 8:56 | Construir | Mill |
| 9:14 | Investigar | Feudal Age |
| 10:51 | Construir | Mining Camp |
| 11:24 | Edad | Edad Feudal |
| 11:29 | Encolar | Villager (Male) |
| 11:36 | Construir | Market |
| 11:45 | Encolar | Villager (Male) |
| 12:06 | Encolar | Villager (Male) |
| 12:17 | Encolar | Villager (Male) |
| 12:21 | Construir | House |
| 12:45 | Investigar | Double-Bit Axe |
| 13:06 | Encolar | Villager (Male) |
| 13:29 | Encolar | Villager (Male) |
| 13:34 | Construir | Blacksmith |
| 14:01 | Investigar | Castle Age |
| 14:08 | Construir | Lumber Camp |
| 14:35 | Construir | House |
| 14:36 | Construir | House |
| 14:37 | Construir | House |
| 14:54 | Investigar | Horse Collar |
| 16:11 | Construir | House |
| 16:33 | Encolar | Villager (Male) |
| 16:41 | Edad | Edad de los Castillos |
| 16:45 | Construir | Town Center |
| 16:49 | Construir | Town Center |
| 17:09 | Construir | Town Center |
| 17:11 | Construir | Farm |
| 17:13 | Investigar | Heavy Plow |
| 17:15 | Encolar | Villager (Male) |
| 17:40 | Construir | Outpost |
| 17:41 | Encolar | Villager (Male) |
| 17:43 | Construir | Farm |
| 17:44 | Encolar | Villager (Male) |
| 17:47 | Construir | Farm |
| 17:48 | Construir | Farm |
| 17:54 | Encolar | Villager (Male) |
| 17:58 | Construir | Farm |
| 18:11 | Construir | Farm |
| 18:21 | Construir | Farm |
| 18:25 | Construir | Farm |
| 18:42 | Construir | Farm |
| 18:43 | Encolar | Villager (Male) |
| 18:47 | Construir | Farm |
| 18:51 | Construir | Farm |
| 19:05 | Construir | Farm |
| 19:06 | Encolar | Villager (Male) |
| 19:12 | Construir | Farm |
| 19:19 | Encolar | Villager (Male) |
| 19:34 | Construir | Farm |
| 19:44 | Encolar | Villager (Male) |
| 19:49 | Construir | Farm |
| 19:53 | Construir | Farm |
| 19:55 | Encolar | Villager (Male) |
| 19:58 | Encolar | Villager (Male) |
| 20:02 | Encolar | Villager (Male) |
| 20:13 | Construir | Farm |
| 20:15 | Construir | Farm |
| 20:20 | Encolar | Villager (Male) |
| 20:21 | Encolar | Villager (Male) |
| 20:34 | Construir | Farm |
| 20:36 | Construir | Farm |
| 20:37 | Encolar | Villager (Male) |
| 20:54 | Encolar | Villager (Male) |
| 20:55 | Encolar | Villager (Male) |
| 21:01 | Encolar | Villager (Male) |
| 21:13 | Encolar | Villager (Male) |
| 21:19 | Construir | Farm |
| 21:24 | Construir | Farm |
| 21:28 | Construir | Farm |
| 21:30 | Encolar | Villager (Male) |
| 21:32 | Encolar | Villager (Male) |
| 21:33 | Encolar | Villager (Male) |
| 21:46 | Encolar | Villager (Male) |
| 21:55 | Construir | Market |
| 22:05 | Construir | Farm |
| 22:05 | Encolar | Villager (Male) |
| 22:06 | Encolar | Villager (Male) |
| 22:06 | Encolar | Villager (Male) |
| 22:07 | Encolar | Villager (Male) |
| 22:17 | Construir | Farm |
| 22:21 | Construir | Farm |
| 22:35 | Construir | Farm |
| 22:39 | Encolar | Villager (Male) |
| 22:39 | Encolar | Villager (Male) |
| 22:40 | Encolar | Villager (Male) |
| 22:40 | Encolar | Villager (Male) |
| 22:45 | Construir | Farm |
| 22:59 | Construir | Farm |
| 23:02 | Construir | Farm |
| 23:06 | Encolar | Villager (Male) |
| 23:06 | Encolar | Villager (Male) |
| 23:07 | Encolar | Villager (Male) |
| 23:07 | Encolar | Villager (Male) |
| 23:17 | Investigar | Gold Mining |
| 23:22 | Construir | Market |
| 23:37 | Construir | Castle |
| 23:42 | Construir | Farm |
| 23:43 | Construir | Farm |
| 23:44 | Encolar | Villager (Male) |
| 23:44 | Encolar | Villager (Male) |
| 23:45 | Encolar | Villager (Male) |
| 23:46 | Encolar | Villager (Male) |
| 23:51 | Investigar | Bow Saw |
| 24:11 | Encolar | Villager (Male) |
| 24:11 | Encolar | Villager (Male) |
| 24:11 | Encolar | Villager (Male) |
| 24:15 | Construir | House |
| 24:16 | Construir | House |
| 24:24 | Investigar | Wheelbarrow |
| 24:52 | Construir | Mining Camp |
| 25:01 | Encolar | Villager (Male) |
| 25:01 | Encolar | Villager (Male) |
| 25:02 | Encolar | Villager (Male) |
| 25:02 | Encolar | Villager (Male) |
| 25:08 | Construir | Farm |
| 25:22 | Investigar | Caravan |
| 25:29 | Construir | Farm |
Build order — Les Boyageur
Primeras 150 de 404 acciones detectadas
| 0:03 | Encolar | Villager (Male) ×4 |
| 0:05 | Construir | House |
| 0:07 | Construir | House |
| 1:29 | Encolar | Villager (Male) |
| 1:29 | Encolar | Villager (Male) |
| 1:51 | Construir | Lumber Camp |
| 2:08 | Encolar | Villager (Male) |
| 2:09 | Encolar | Villager (Male) |
| 2:25 | Encolar | Villager (Male) |
| 2:25 | Encolar | Villager (Male) |
| 2:25 | Encolar | Villager (Male) |
| 3:04 | Encolar | Villager (Male) |
| 3:04 | Encolar | Villager (Male) |
| 3:04 | Encolar | Villager (Male) |
| 3:15 | Encolar | Villager (Male) |
| 3:15 | Encolar | Villager (Male) |
| 3:49 | Encolar | Villager (Male) |
| 3:49 | Encolar | Villager (Male) |
| 4:09 | Construir | House |
| 4:23 | Encolar | Villager (Male) |
| 4:23 | Encolar | Villager (Male) |
| 4:23 | Encolar | Villager (Male) |
| 4:28 | Construir | Mill |
| 4:34 | Encolar | Villager (Male) |
| 4:43 | Construir | Mill |
| 5:27 | Encolar | Villager (Male) |
| 5:27 | Encolar | Villager (Male) |
| 5:27 | Encolar | Villager (Male) |
| 5:27 | Encolar | Villager (Male) |
| 5:28 | Encolar | Villager (Male) |
| 6:07 | Encolar | Villager (Male) |
| 6:22 | Construir | Mill |
| 6:23 | Encolar | Villager (Male) |
| 6:44 | Encolar | Villager (Male) |
| 6:44 | Encolar | Villager (Male) |
| 7:15 | Investigar | Loom |
| 7:15 | Investigar | Loom |
| 7:17 | Construir | House |
| 7:18 | Construir | House |
| 7:32 | Construir | House |
| 7:40 | Construir | Palisade Wall |
| 7:42 | Construir | Palisade Wall |
| 7:52 | Encolar | Villager (Male) |
| 7:52 | Encolar | Villager (Male) |
| 8:12 | Encolar | Villager (Male) |
| 8:25 | Construir | Palisade Wall |
| 8:37 | Encolar | Villager (Male) |
| 8:50 | Encolar | Villager (Male) |
| 8:50 | Encolar | Villager (Male) |
| 9:29 | Encolar | Villager (Male) |
| 9:31 | Investigar | Feudal Age |
| 9:52 | Construir | Mining Camp |
| 10:44 | Construir | Palisade Wall |
| 11:28 | Construir | Palisade Wall |
| 11:32 | Encolar | Villager (Male) |
| 11:33 | Encolar | Villager (Male) |
| 11:53 | Construir | Farm |
| 11:55 | Construir | Farm |
| 11:57 | Construir | Farm |
| 12:32 | Edad | Edad Feudal |
| 12:37 | Construir | Market |
| 12:41 | Construir | Blacksmith |
| 12:45 | Investigar | Double-Bit Axe |
| 13:07 | Construir | Palisade Gate |
| 13:36 | Encolar | Villager (Male) |
| 13:55 | Investigar | Castle Age |
| 13:55 | Investigar | Castle Age |
| 13:55 | Investigar | Castle Age |
| 15:36 | Construir | Farm |
| 15:50 | Encolar | Villager (Male) |
| 15:51 | Encolar | Villager (Male) |
| 15:54 | Investigar | Horse Collar |
| 15:54 | Investigar | Horse Collar |
| 16:14 | Construir | House |
| 16:16 | Construir | House |
| 16:18 | Construir | House |
| 16:41 | Edad | Edad de los Castillos |
| 16:47 | Construir | Town Center |
| 16:54 | Construir | Town Center |
| 17:05 | Construir | Town Center |
| 17:08 | Encolar | Villager (Male) |
| 17:08 | Encolar | Villager (Male) |
| 17:14 | Investigar | Bow Saw |
| 17:15 | Investigar | Bow Saw |
| 17:16 | Encolar | Villager (Male) |
| 17:35 | Investigar | Heavy Plow |
| 17:36 | Encolar | Villager (Male) |
| 17:36 | Encolar | Villager (Male) |
| 17:48 | Construir | House |
| 18:02 | Encolar | Villager (Male) ×4 |
| 18:17 | Encolar | Villager (Male) |
| 18:23 | Construir | Farm |
| 18:25 | Construir | Farm |
| 18:29 | Construir | Farm |
| 18:32 | Encolar | Villager (Male) |
| 18:32 | Encolar | Villager (Male) |
| 18:35 | Encolar | Villager (Male) ×2 |
| 18:35 | Encolar | Villager (Male) ×2 |
| 18:44 | Construir | House |
| 18:49 | Construir | Farm |
| 18:53 | Encolar | Villager (Male) |
| 18:54 | Encolar | Villager (Male) |
| 18:59 | Construir | Farm |
| 19:03 | Construir | Farm |
| 19:03 | Encolar | Villager (Male) |
| 19:04 | Encolar | Villager (Male) |
| 19:04 | Encolar | Villager (Male) |
| 19:07 | Encolar | Villager (Male) ×2 |
| 19:07 | Encolar | Villager (Male) ×2 |
| 19:18 | Encolar | Villager (Male) ×2 |
| 19:24 | Construir | Farm |
| 19:28 | Construir | Farm |
| 19:34 | Encolar | Villager (Male) |
| 19:34 | Encolar | Villager (Male) |
| 19:38 | Construir | Farm |
| 19:40 | Construir | Farm |
| 19:51 | Construir | Farm |
| 19:52 | Encolar | Villager (Male) |
| 19:53 | Encolar | Villager (Male) |
| 19:54 | Encolar | Villager (Male) |
| 20:00 | Encolar | Villager (Male) |
| 20:00 | Encolar | Villager (Male) |
| 20:05 | Construir | Farm |
| 20:17 | Construir | Farm |
| 20:25 | Construir | Stone Wall |
| 20:31 | Construir | Gate |
| 20:34 | Encolar | Villager (Male) |
| 20:36 | Construir | Farm |
| 20:37 | Encolar | Villager (Male) |
| 20:39 | Construir | Farm |
| 20:44 | Construir | Farm |
| 20:50 | Construir | Stone Wall |
| 20:52 | Encolar | Villager (Male) |
| 20:52 | Encolar | Villager (Male) |
| 20:56 | Construir | Farm |
| 20:56 | Construir | Farm |
| 21:03 | Construir | Farm |
| 21:04 | Encolar | Villager (Male) |
| 21:04 | Encolar | Villager (Male) |
| 21:23 | Encolar | Villager (Male) |
| 21:31 | Encolar | Villager (Male) |
| 21:33 | Construir | Farm |
| 21:34 | Construir | Farm |
| 21:34 | Construir | Farm |
| 21:34 | Construir | Farm |
| 21:40 | Construir | Farm |
| 21:44 | Construir | Farm |
| 21:45 | Construir | Farm |
| 21:47 | Construir | Farm |
| 21:47 | Construir | Farm |
Build order — CTM | SamDestroyer
Primeras 150 de 438 acciones detectadas
| 0:03 | Encolar | Villager (Male) |
| 0:03 | Encolar | Villager (Male) |
| 0:04 | Construir | House |
| 0:06 | Construir | House |
| 0:19 | Encolar | Villager (Male) |
| 0:19 | Encolar | Villager (Male) |
| 0:58 | Investigar | Loom |
| 1:17 | Construir | House |
| 1:23 | Encolar | Villager (Male) |
| 1:23 | Encolar | Villager (Male) |
| 1:23 | Encolar | Villager (Male) |
| 1:34 | Encolar | Villager (Male) |
| 1:34 | Encolar | Villager (Male) |
| 1:35 | Encolar | Villager (Male) |
| 2:02 | Construir | Palisade Wall |
| 2:24 | Construir | Lumber Camp |
| 2:35 | Encolar | Villager (Male) |
| 2:36 | Encolar | Villager (Male) |
| 3:02 | Encolar | Villager (Male) |
| 3:02 | Encolar | Villager (Male) |
| 3:03 | Encolar | Villager (Male) |
| 3:03 | Encolar | Villager (Male) |
| 3:12 | Encolar | Villager (Male) |
| 3:12 | Encolar | Villager (Male) |
| 3:13 | Encolar | Villager (Male) |
| 3:54 | Encolar | Villager (Male) |
| 3:55 | Encolar | Villager (Male) |
| 4:28 | Encolar | Villager (Male) |
| 4:28 | Encolar | Villager (Male) |
| 4:28 | Encolar | Villager (Male) |
| 5:01 | Encolar | Villager (Male) |
| 5:01 | Encolar | Villager (Male) |
| 5:01 | Encolar | Villager (Male) |
| 5:40 | Encolar | Villager (Male) |
| 5:40 | Encolar | Villager (Male) |
| 5:40 | Encolar | Villager (Male) |
| 5:58 | Encolar | Villager (Male) |
| 5:58 | Encolar | Villager (Male) |
| 5:59 | Encolar | Villager (Male) |
| 5:59 | Encolar | Villager (Male) |
| 6:09 | Construir | Barracks |
| 6:33 | Construir | House |
| 6:43 | Construir | House |
| 6:49 | Construir | House |
| 6:55 | Encolar | Militia |
| 6:55 | Encolar | Militia |
| 7:05 | Encolar | Militia |
| 7:30 | Construir | Palisade Gate |
| 7:39 | Encolar | Villager (Male) |
| 8:04 | Encolar | Villager (Male) |
| 8:27 | Encolar | Villager (Male) |
| 8:27 | Encolar | Villager (Male) |
| 8:37 | Encolar | Villager (Male) |
| 9:01 | Construir | House |
| 9:05 | Construir | Palisade Wall |
| 9:08 | Encolar | Villager (Male) |
| 9:12 | Construir | Mill |
| 9:23 | Encolar | Villager (Male) |
| 9:32 | Construir | Mill |
| 9:34 | Encolar | Villager (Male) |
| 9:59 | Construir | Lumber Camp |
| 10:21 | Construir | House |
| 10:26 | Construir | Palisade Wall |
| 10:43 | Encolar | Villager (Male) |
| 11:12 | Construir | Mining Camp |
| 11:37 | Encolar | Villager (Male) |
| 11:52 | Encolar | Villager (Male) |
| 12:03 | Encolar | Militia |
| 12:03 | Encolar | Militia |
| 12:09 | Construir | House |
| 12:21 | Encolar | Villager (Male) |
| 12:27 | Encolar | Militia |
| 12:37 | Construir | House |
| 12:41 | Construir | Palisade Wall |
| 12:45 | Encolar | Villager (Male) |
| 12:52 | Encolar | Militia |
| 13:08 | Encolar | Villager (Male) |
| 13:17 | Construir | Farm |
| 13:43 | Investigar | Feudal Age |
| 14:28 | Construir | Barracks |
| 14:30 | Construir | Farm |
| 14:30 | Construir | Farm |
| 14:30 | Construir | Farm |
| 14:30 | Construir | Farm |
| 14:31 | Construir | Farm |
| 14:31 | Construir | Farm |
| 14:31 | Construir | Farm |
| 14:40 | Construir | House |
| 14:47 | Construir | Palisade Wall |
| 14:52 | Encolar | Villager (Male) |
| 14:53 | Encolar | Villager (Male) |
| 15:31 | Construir | Farm |
| 15:46 | Encolar | Villager (Male) |
| 15:54 | Edad | Edad Feudal |
| 15:56 | Investigar | Double-Bit Axe |
| 15:56 | Investigar | Double-Bit Axe |
| 16:33 | Construir | Stone Wall |
| 16:36 | Encolar | Villager (Male) |
| 16:40 | Construir | Blacksmith |
| 16:44 | Investigar | Man-at-Arms (upgrade) |
| 16:44 | Investigar | Man-at-Arms (upgrade) |
| 16:52 | Encolar | Villager (Male) |
| 17:00 | Construir | Watch Tower |
| 17:27 | Construir | House |
| 17:38 | Construir | Barracks |
| 17:50 | Encolar | Villager (Male) |
| 17:58 | Construir | Lumber Camp |
| 18:05 | Investigar | Forging |
| 18:05 | Investigar | Scale Mail Armor |
| 18:06 | Investigar | Scale Mail Armor |
| 18:26 | Encolar | Spearman |
| 18:28 | Encolar | Militia |
| 18:29 | Encolar | Militia |
| 18:30 | Encolar | Villager (Male) |
| 18:32 | Construir | Farm |
| 18:33 | Construir | House |
| 18:41 | Encolar | Villager (Male) |
| 19:00 | Construir | Archery Range |
| 19:06 | Encolar | Militia |
| 19:08 | Encolar | Villager (Male) |
| 19:11 | Construir | Farm |
| 19:29 | Construir | Stone Wall |
| 19:41 | Encolar | Militia |
| 19:42 | Encolar | Villager (Male) |
| 19:49 | Construir | Farm |
| 19:49 | Construir | Farm |
| 19:49 | Construir | Farm |
| 19:49 | Construir | Farm |
| 19:50 | Construir | Farm |
| 19:50 | Construir | Farm |
| 19:50 | Construir | Farm |
| 19:50 | Construir | Farm |
| 19:50 | Construir | Farm |
| 19:50 | Construir | Farm |
| 19:51 | Construir | Farm |
| 19:52 | Encolar | Villager (Male) |
| 20:11 | Encolar | Villager (Male) |
| 20:13 | Construir | House |
| 20:14 | Construir | House |
| 20:14 | Construir | House |
| 20:14 | Construir | House |
| 20:15 | Construir | House |
| 20:15 | Construir | House |
| 20:16 | Encolar | Villager (Male) |
| 20:19 | Encolar | Militia ×3 |
| 20:24 | Encolar | Archer |
| 20:25 | Encolar | Archer |
| 20:30 | Construir | House |
| 20:31 | Construir | House |
| 20:40 | Investigar | Horse Collar |
Build order — El Monje Cleptómano de Cieza
Primeras 150 de 300 acciones detectadas
| 0:00 | Encolar | Villager (Male) |
| 0:01 | Encolar | Villager (Male) |
| 0:01 | Encolar | Villager (Male) |
| 0:03 | Construir | House |
| 0:04 | Construir | House |
| 0:16 | Encolar | Villager (Male) |
| 0:16 | Encolar | Villager (Male) |
| 1:33 | Encolar | Villager (Male) |
| 2:21 | Encolar | Villager (Male) |
| 2:22 | Encolar | Villager (Male) |
| 2:22 | Encolar | Villager (Male) |
| 2:22 | Encolar | Villager (Male) |
| 2:50 | Encolar | Villager (Male) |
| 2:50 | Encolar | Villager (Male) |
| 2:50 | Encolar | Villager (Male) |
| 2:54 | Construir | Lumber Camp |
| 4:18 | Encolar | Villager (Male) |
| 4:18 | Encolar | Villager (Male) |
| 4:18 | Encolar | Villager (Male) |
| 4:19 | Encolar | Villager (Male) |
| 4:19 | Encolar | Villager (Male) |
| 4:19 | Encolar | Villager (Male) |
| 4:23 | Construir | House |
| 4:52 | Encolar | Villager (Male) |
| 5:15 | Construir | Mill |
| 5:18 | Encolar | Villager (Male) |
| 6:04 | Construir | House |
| 6:05 | Construir | House |
| 6:41 | Encolar | Villager (Male) |
| 7:04 | Construir | Mill |
| 7:37 | Encolar | Villager (Male) |
| 7:38 | Encolar | Villager (Male) |
| 7:40 | Encolar | Villager (Male) |
| 7:40 | Encolar | Villager (Male) |
| 8:59 | Construir | Mining Camp |
| 9:27 | Encolar | Villager (Male) |
| 9:28 | Investigar | Feudal Age |
| 10:39 | Construir | Farm |
| 10:40 | Construir | Farm |
| 10:41 | Construir | Farm |
| 10:42 | Construir | Farm |
| 10:44 | Construir | Farm |
| 10:46 | Construir | Farm |
| 11:47 | Investigar | Loom |
| 11:47 | Encolar | Villager (Male) |
| 12:02 | Edad | Edad Feudal |
| 12:16 | Construir | House |
| 12:21 | Construir | House |
| 12:30 | Encolar | Villager (Male) |
| 12:39 | Construir | Market |
| 12:45 | Construir | Blacksmith |
| 13:13 | Construir | House |
| 13:24 | Encolar | Villager (Male) |
| 13:24 | Encolar | Villager (Male) |
| 14:09 | Investigar | Double-Bit Axe |
| 14:12 | Investigar | Castle Age |
| 14:13 | Encolar | Villager (Male) |
| 15:46 | Construir | Mining Camp |
| 15:54 | Construir | Farm |
| 15:55 | Construir | Farm |
| 15:57 | Construir | Farm |
| 15:58 | Construir | Farm |
| 16:01 | Construir | Farm |
| 16:01 | Investigar | Horse Collar |
| 16:36 | Construir | Farm |
| 16:54 | Edad | Edad de los Castillos |
| 17:23 | Construir | Town Center |
| 17:28 | Encolar | Villager (Male) |
| 17:28 | Encolar | Villager (Male) |
| 17:29 | Encolar | Villager (Male) |
| 17:29 | Encolar | Villager (Male) |
| 17:49 | Construir | Town Center |
| 18:28 | Construir | House |
| 18:30 | Construir | House |
| 18:31 | Construir | House |
| 18:52 | Construir | Farm |
| 19:00 | Encolar | Villager (Male) |
| 19:00 | Encolar | Villager (Male) |
| 19:02 | Encolar | Villager (Male) ×5 |
| 19:03 | Encolar | Villager (Male) ×5 |
| 19:11 | Construir | House |
| 19:15 | Construir | Farm |
| 19:24 | Investigar | Heavy Plow |
| 19:28 | Construir | Farm |
| 19:30 | Construir | Farm |
| 19:36 | Construir | Farm |
| 19:40 | Construir | Farm |
| 19:46 | Encolar | Villager (Male) ×5 |
| 20:00 | Construir | Farm |
| 20:36 | Construir | Town Center |
| 20:41 | Construir | House |
| 20:44 | Construir | House |
| 20:49 | Construir | House |
| 20:51 | Encolar | Villager (Male) ×5 |
| 20:55 | Construir | Farm |
| 21:02 | Construir | Farm |
| 21:12 | Investigar | Bow Saw |
| 21:12 | Investigar | Bow Saw |
| 21:18 | Encolar | Villager (Male) ×5 |
| 21:18 | Encolar | Villager (Male) ×5 |
| 21:32 | Construir | Farm |
| 21:35 | Construir | Farm |
| 21:45 | Construir | House |
| 21:48 | Construir | House |
| 21:49 | Construir | House |
| 21:57 | Investigar | Wheelbarrow |
| 21:58 | Encolar | Villager (Male) ×2 |
| 22:22 | Construir | Town Center |
| 22:27 | Investigar | Wheelbarrow |
| 22:32 | Encolar | Villager (Male) ×5 |
| 22:37 | Construir | Farm |
| 22:41 | Construir | Farm |
| 22:49 | Construir | Farm |
| 22:53 | Construir | Farm |
| 22:56 | Construir | Farm |
| 22:59 | Construir | Farm |
| 23:01 | Construir | Farm |
| 23:05 | Construir | Farm |
| 23:09 | Encolar | Villager (Male) ×5 |
| 23:13 | Construir | Farm |
| 23:24 | Encolar | Villager (Male) ×2 |
| 23:29 | Construir | House |
| 23:30 | Construir | House |
| 23:32 | Construir | House |
| 23:33 | Construir | House |
| 23:35 | Construir | House |
| 23:37 | Encolar | Villager (Male) ×2 |
| 23:42 | Construir | Farm |
| 23:45 | Construir | Farm |
| 23:49 | Construir | Farm |
| 23:51 | Construir | Farm |
| 23:54 | Construir | Farm |
| 23:57 | Construir | Farm |
| 24:01 | Construir | Farm |
| 24:04 | Encolar | Villager (Male) ×5 |
| 24:10 | Construir | Farm |
| 24:25 | Investigar | Gold Mining |
| 24:27 | Investigar | Stone Mining |
| 24:37 | Investigar | Hand Cart |
| 24:39 | Encolar | Villager (Male) ×3 |
| 24:44 | Construir | House |
| 24:45 | Construir | House |
| 25:03 | Construir | Siege Workshop |
| 25:05 | Encolar | Villager (Male) ×2 |
| 25:11 | Construir | University |
| 25:19 | Construir | Monastery |
| 25:21 | Encolar | Villager (Male) ×5 |
| 25:21 | Encolar | Villager (Male) ×3 |
| 25:26 | Construir | Farm |
| 25:28 | Construir | Farm |
Build order — CTM | Franco*
Primeras 150 de 316 acciones detectadas
| 0:04 | Investigar | Loom |
| 0:04 | Encolar | Villager (Male) |
| 0:05 | Encolar | Villager (Male) |
| 0:05 | Encolar | Villager (Male) |
| 0:06 | Construir | House |
| 0:09 | Construir | House |
| 0:25 | Construir | Palisade Wall |
| 0:26 | Encolar | Villager (Male) |
| 1:04 | Construir | Palisade Gate |
| 1:10 | Construir | Palisade Gate |
| 1:58 | Construir | House |
| 2:01 | Construir | House |
| 2:02 | Construir | House |
| 2:17 | Encolar | Villager (Male) |
| 2:55 | Encolar | Villager (Male) |
| 3:43 | Encolar | Villager (Male) |
| 4:01 | Encolar | Villager (Male) |
| 4:01 | Encolar | Villager (Male) |
| 4:26 | Encolar | Villager (Male) |
| 4:47 | Construir | Palisade Wall |
| 4:52 | Encolar | Villager (Male) |
| 5:16 | Encolar | Villager (Male) |
| 5:16 | Encolar | Villager (Male) |
| 5:42 | Encolar | Villager (Male) |
| 5:55 | Construir | Palisade Wall |
| 6:13 | Encolar | Villager (Male) |
| 6:13 | Encolar | Villager (Male) |
| 6:39 | Construir | Palisade Wall |
| 6:57 | Encolar | Villager (Male) |
| 7:13 | Encolar | Villager (Male) |
| 7:37 | Construir | Lumber Camp |
| 7:50 | Encolar | Villager (Male) |
| 7:50 | Encolar | Villager (Male) |
| 7:51 | Encolar | Villager (Male) |
| 8:00 | Encolar | Villager (Male) |
| 8:21 | Encolar | Villager (Male) |
| 9:01 | Construir | House |
| 9:17 | Construir | Mining Camp |
| 9:38 | Construir | Palisade Wall |
| 9:41 | Encolar | Villager (Male) |
| 10:23 | Encolar | Villager (Male) |
| 10:46 | Investigar | Feudal Age |
| 11:07 | Construir | Mill |
| 11:12 | Construir | Palisade Wall |
| 12:31 | Construir | Mining Camp |
| 12:58 | Edad | Edad Feudal |
| 13:08 | Construir | Watch Tower |
| 14:36 | Construir | Stone Wall |
| 14:40 | Construir | Gate |
| 14:54 | Investigar | Castle Age |
| 15:16 | Investigar | Double-Bit Axe |
| 15:29 | Investigar | Horse Collar |
| 16:20 | Investigar | Gold Mining |
| 17:02 | Construir | Stone Wall |
| 17:06 | Construir | Gate |
| 17:18 | Investigar | Stone Mining |
| 17:29 | Encolar | Villager (Male) |
| 17:34 | Edad | Edad de los Castillos |
| 17:40 | Construir | Town Center |
| 17:51 | Construir | Siege Workshop |
| 18:04 | Construir | Farm |
| 18:05 | Encolar | Villager (Male) |
| 18:24 | Encolar | Villager (Male) |
| 18:39 | Construir | Farm |
| 18:57 | Encolar | Villager (Male) |
| 19:02 | Construir | Farm |
| 19:06 | Encolar | Villager (Male) |
| 19:19 | Encolar | Villager (Male) |
| 19:19 | Encolar | Villager (Male) |
| 19:24 | Encolar | Mangonel |
| 19:44 | Construir | House |
| 19:45 | Construir | House |
| 19:49 | Construir | Outpost |
| 19:55 | Encolar | Villager (Male) |
| 20:00 | Construir | Farm |
| 20:06 | Construir | Farm |
| 20:07 | Encolar | Villager (Male) |
| 20:32 | Encolar | Villager (Male) |
| 20:38 | Construir | Farm |
| 20:40 | Encolar | Villager (Male) |
| 21:03 | Construir | House |
| 21:05 | Construir | House |
| 21:06 | Encolar | Villager (Male) |
| 21:11 | Construir | Farm |
| 21:20 | Encolar | Mangonel |
| 21:30 | Construir | Farm |
| 21:32 | Encolar | Villager (Male) |
| 21:50 | Encolar | Villager (Male) |
| 22:12 | Construir | House |
| 22:13 | Construir | House |
| 22:15 | Construir | House |
| 22:16 | Encolar | Villager (Male) |
| 22:25 | Construir | Farm |
| 22:28 | Encolar | Villager (Male) |
| 22:47 | Encolar | Villager (Male) |
| 22:58 | Construir | Farm |
| 22:59 | Construir | Farm |
| 23:01 | Construir | Farm |
| 23:02 | Construir | Farm |
| 23:03 | Construir | Farm |
| 23:04 | Construir | Farm |
| 23:06 | Construir | Farm |
| 23:08 | Construir | Farm |
| 23:10 | Encolar | Villager (Male) |
| 23:22 | Construir | Town Center |
| 23:24 | Encolar | Villager (Male) |
| 23:35 | Encolar | Villager (Male) |
| 23:41 | Construir | Outpost |
| 23:50 | Encolar | Villager (Male) |
| 23:58 | Encolar | Villager (Male) |
| 24:08 | Construir | Farm |
| 24:13 | Construir | Farm |
| 24:16 | Construir | Farm |
| 24:20 | Construir | Farm |
| 24:22 | Encolar | Villager (Male) |
| 24:23 | Encolar | Villager (Male) |
| 24:32 | Construir | House |
| 24:33 | Construir | House |
| 24:34 | Construir | House |
| 24:36 | Construir | House |
| 24:38 | Construir | House |
| 24:41 | Construir | House |
| 24:46 | Encolar | Villager (Male) |
| 24:49 | Encolar | Villager (Male) |
| 24:51 | Encolar | Villager (Male) |
| 24:54 | Encolar | Villager (Male) |
| 24:59 | Encolar | Villager (Male) |
| 25:05 | Encolar | Villager (Male) |
| 25:18 | Encolar | Villager (Male) |
| 25:19 | Encolar | Villager (Male) |
| 25:26 | Encolar | Villager (Male) |
| 25:31 | Construir | Farm |
| 25:50 | Construir | Castle |
| 25:51 | Encolar | Villager (Male) |
| 25:52 | Encolar | Villager (Male) |
| 25:53 | Encolar | Villager (Male) |
| 26:10 | Investigar | Bow Saw |
| 26:15 | Encolar | Villager (Male) |
| 26:23 | Encolar | Villager (Male) |
| 26:34 | Encolar | Villager (Male) |
| 26:36 | Encolar | Villager (Male) |
| 26:41 | Construir | Farm |
| 26:47 | Encolar | Villager (Male) |
| 26:50 | Encolar | Villager (Male) |
| 27:07 | Encolar | Villager (Male) |
| 27:08 | Encolar | Villager (Male) |
| 27:11 | Encolar | Villager (Male) |
| 27:14 | Construir | Farm |
| 27:19 | Construir | House |
| 27:22 | Construir | House |
Cronología de la partida
| 0:25 | CTM | Franco* · wall_segment Palisade Wall x16 |
| 2:02 | CTM | SamDestroyer · wall_segment Palisade Wall x4 |
| 2:09 | PSX | King · wall_segment Palisade Wall x7 |
| 2:13 | PSX | King · wall_segment Palisade Wall x3 |
| 4:23 | joaopessoense · wall_segment Palisade Wall x9 |
| 4:47 | CTM | Franco* · wall_segment Palisade Wall x4 |
| 5:46 | PSX | King · wall_segment Palisade Wall x5 |
| 5:55 | CTM | Franco* · wall_segment Palisade Wall x4 |
| 6:09 | CTM | SamDestroyer · first_building Barracks |
| 6:39 | CTM | Franco* · wall_segment Palisade Wall x14 |
| 7:26 | PSX | King · wall_segment Palisade Wall x1 |
| 7:29 | PSX | King · wall_segment Palisade Wall x5 |
| 7:30 | PSX | King · wall_segment Palisade Wall x4 |
| 7:40 | Les Boyageur · wall_segment Palisade Wall x1 |
| 7:42 | Les Boyageur · wall_segment Palisade Wall x1 |
| 8:25 | Les Boyageur · wall_segment Palisade Wall x1 |
| 8:35 | meh · wall_segment Palisade Wall x1 |
| 9:05 | CTM | SamDestroyer · wall_segment Palisade Wall x6 |
| 9:14 | meh · first_building Barracks |
| 9:38 | CTM | Franco* · wall_segment Palisade Wall x8 |
| 10:09 | PSX | King · wall_segment Palisade Wall x14 |
| 10:10 | meh · age_up feudal |
| 10:26 | CTM | SamDestroyer · wall_segment Palisade Wall x3 |
| 10:44 | Les Boyageur · wall_segment Palisade Wall x12 |
| 10:51 | meh · wall_segment Palisade Wall x2 |
| 10:52 | meh · wall_segment Palisade Wall x1 |
| 11:12 | CTM | Franco* · wall_segment Palisade Wall x8 |
| 11:21 | Cristian Monzon · age_up feudal |
| 11:24 | joaopessoense · age_up feudal |
| 11:28 | Les Boyageur · wall_segment Palisade Wall x8 |
| 12:02 | El Monje Cleptómano de Cieza · age_up feudal |
| 12:32 | Les Boyageur · age_up feudal |
| 12:41 | CTM | SamDestroyer · wall_segment Palisade Wall x4 |
| 12:51 | PSX | King · age_up feudal |
| 12:58 | PSX | King · wall_segment Stone Wall x6 |
| 12:58 | CTM | Franco* · age_up feudal |
| 13:04 | PSX | King · wall_segment Stone Wall x12 |
| 14:15 | PSX | King · wall_segment Stone Wall x9 |
| 14:36 | CTM | Franco* · wall_segment Stone Wall x11 |
| 14:47 | CTM | SamDestroyer · wall_segment Palisade Wall x5 |
| 15:26 | Cristian Monzon · age_up castle |
| 15:41 | PSX | King · wall_segment Stone Wall x13 |
| 15:48 | PSX | King · first_market_buy 100 stone |
| 15:54 | CTM | SamDestroyer · age_up feudal |
| 16:08 | PSX | King · age_up castle |
| 16:33 | CTM | SamDestroyer · wall_segment Stone Wall x2 |
| 16:41 | joaopessoense · age_up castle |
| 16:41 | Les Boyageur · age_up castle |
| 16:54 | El Monje Cleptómano de Cieza · age_up castle |
| 17:02 | CTM | Franco* · wall_segment Stone Wall x11 |
| 17:07 | PSX | King · wall_segment Stone Wall x9 |
| 17:25 | Cristian Monzon · first_building Monastery |
| 17:34 | CTM | Franco* · age_up castle |
| 17:51 | CTM | Franco* · first_building Siege Workshop |
| 18:43 | PSX | King · wall_segment Stone Wall x14 |
| 19:00 | CTM | SamDestroyer · first_building Archery Range |
| 19:06 | Les Boyageur · first_market_buy 100 food |
| 19:21 | El Monje Cleptómano de Cieza · first_market_buy 100 wood |
| 19:29 | CTM | SamDestroyer · wall_segment Stone Wall x4 |
| 19:34 | PSX | King · wall_segment Stone Wall x12 |
| 20:25 | Les Boyageur · wall_segment Stone Wall x7 |
| 20:50 | Les Boyageur · wall_segment Stone Wall x7 |
| 20:57 | Cristian Monzon · first_building Castle |
| 21:05 | meh · first_building Archery Range |
| 21:05 | PSX | King · first_building Monastery |
| 21:30 | meh · wall_segment Stone Wall x5 |
| 21:35 | PSX | King · wall_segment Stone Wall x12 |
| 21:36 | meh · wall_segment Stone Wall x15 |
| 21:39 | meh · wall_segment Stone Wall x8 |
| 21:52 | PSX | King · wall_segment Stone Wall x4 |
| 21:53 | PSX | King · wall_segment Stone Wall x1 |
| 21:54 | PSX | King · wall_segment Stone Wall x5 |
| 22:14 | meh · age_up castle |
| 22:22 | Les Boyageur · first_building Siege Workshop |
| 23:00 | PSX | King · wall_segment Stone Wall x6 |
| 23:22 | Cristian Monzon · first_market_buy 100 stone |
| 23:37 | joaopessoense · first_building Castle |
| 23:45 | Cristian Monzon · first_building Siege Workshop |
| 24:22 | PSX | King · wall_segment Stone Wall x14 |
| 24:34 | PSX | King · wall_segment Stone Wall x5 |
| 24:35 | PSX | King · wall_segment Stone Wall x5 |
| 24:36 | PSX | King · wall_segment Stone Wall x5 |
| 25:03 | El Monje Cleptómano de Cieza · first_building Siege Workshop |
| 25:15 | joaopessoense · first_market_sell 100 food |
| 25:19 | El Monje Cleptómano de Cieza · first_building Monastery |
| 25:48 | PSX | King · wall_segment Stone Wall x6 |
| 25:50 | CTM | Franco* · first_building Castle |
| 25:51 | PSX | King · wall_segment Stone Wall x13 |
| 26:40 | Les Boyageur · first_market_sell 100 food |
| 26:51 | PSX | King · wall_segment Stone Wall x3 |
| 26:52 | PSX | King · wall_segment Stone Wall x4 |
| 26:57 | Les Boyageur · first_building Monastery |
| 27:11 | CTM | SamDestroyer · age_up castle |
| 28:24 | joaopessoense · first_building Siege Workshop |
| 28:33 | CTM | SamDestroyer · first_market_buy 100 food |
| 28:48 | Les Boyageur · first_building Barracks |
| 28:48 | El Monje Cleptómano de Cieza · first_market_sell 500 wood |
| 28:49 | PSX | King · first_building Castle |
| 28:55 | joaopessoense · first_building Barracks |
| 29:41 | PSX | King · first_building Barracks |
| 30:25 | Cristian Monzon · age_up imperial |
| 30:41 | PSX | King · first_building Stable |
| 30:47 | CTM | SamDestroyer · wall_segment Stone Wall x15 |
| 31:04 | CTM | SamDestroyer · wall_segment Stone Wall x16 |
| 31:17 | CTM | SamDestroyer · first_building Siege Workshop |
| 31:30 | meh · first_building Monastery |
| 31:32 | El Monje Cleptómano de Cieza · first_building Castle |
| 31:55 | Les Boyageur · first_building Castle |
| 31:57 | joaopessoense · age_up imperial |
| 31:58 | Les Boyageur · age_up imperial |
| 31:58 | PSX | King · age_up imperial |
| 32:01 | El Monje Cleptómano de Cieza · age_up imperial |
| 32:15 | joaopessoense · first_market_buy 100 food |
| 32:57 | Les Boyageur · first_building Stable |
| 33:31 | PSX | King · first_market_sell 100 wood |
| 33:44 | CTM | SamDestroyer · wall_segment Stone Wall x11 |
| 33:46 | PSX | King · first_building Siege Workshop |
| 34:19 | CTM | SamDestroyer · first_building Castle |
| 34:39 | CTM | SamDestroyer · wall_segment Stone Wall x5 |
| 35:25 | meh · age_up imperial |
| 35:26 | CTM | SamDestroyer · wall_segment Stone Wall x1 |
| 35:51 | CTM | Franco* · age_up imperial |
| 36:24 | CTM | SamDestroyer · first_market_sell 500 wood |
| 37:12 | CTM | SamDestroyer · tribute_sent a jugador 1 |
| 37:12 | CTM | SamDestroyer · tribute_sent a jugador 2 |
| 37:12 | CTM | SamDestroyer · tribute_sent a jugador 3 |
| 37:12 | CTM | SamDestroyer · tribute_sent a jugador 4 |
| 37:12 | CTM | SamDestroyer · tribute_sent a jugador 5 |
| 37:12 | CTM | SamDestroyer · tribute_sent a jugador 7 |
| 37:12 | CTM | SamDestroyer · tribute_sent a jugador 8 |
| 38:38 | CTM | Franco* · first_building Stable |
| 41:39 | meh · resign |
| 41:41 | CTM | SamDestroyer · age_up imperial |
[ ANÁLISIS IA · 1 CRÉDITO ]
¿Qué pasó realmente en esta partida?
Wolo.gg analiza cada decisión: build order, eco, micro, errores típicos por bracket. Análisis personalizado por WhatsApp o Discord en 30 segundos.
Guía civ
Mongoles
Perfil
Jugador #4255093